 Dungeon Crawl Stone Soup version 0.16-a0-3667-g690a316 (webtiles) character file.

1181 Vlagh999 the Ruffian (level 8, -1/91 HPs)
             Began as a Bearkin Fighter on July 28, 2015.
             Slain by Vlagh999's ghost (18 damage)
             ... on level 6 of the Dungeon.
             The game lasted 00:13:34 (5048 turns).

Vlagh999 the Ruffian (Bearkin Fighter)              Turns: 5048, Time: 00:13:34

Health: -1/91      AC: 10    Str: 28 (29) XL:     8   Next: 19%
Magic:  17/17      EV:  7    Int:  7      God:
Gold:   276        SH: 10    Dex: 10      Spells: 0 memorised, 7 levels left

rFire  . . .     SeeInvis .       - Unarmed
rCold  . . .     Clarity  .     b - +0 scale mail
rNeg   . . .     SustAb   .     c - +0 shield
rPois  .         Gourm    .     e - +0 helmet
rElec  .         Spirit   .     (no cloak)
rCorr  .         Warding  .     (no gloves)
rMut   .         Stasis   .     (no boots)
MR     .....                    (no amulet)
Stlth  ..........               (no ring)
                                o - ring of magical power

@: mighty, berserking, very quick, not resistant to hostile enchantments,
extremely unstealthy
A: claws 2, fangs 1, shaggy fur 2, hind claws 1, cornered berserk
a: Cornered Berserk


You were on level 6 of the Dungeon.
You were not hungry.

You visited 1 branch of the dungeon, and saw 6 of its levels.

You collected 276 gold pieces.

Inventory:

Missiles
 y - 2 tomahawks (quivered)
Armour
 b - a +0 scale mail (worn)
 c - a +0 shield (worn)
 e - a +0 helmet (worn)
 m - a +0 ice dragon armour
Jewellery
 o - a ring of magical power (left claw)
 u - an uncursed ring of ice
Magical devices
 l - a wand of random effects (20)
 A - a wand of polymorph (12)
Scrolls
 f - 4 scrolls of teleportation
 g - 3 scrolls of immolation
 r - 3 scrolls of remove curse
 w - 3 scrolls of identify
 x - 2 scrolls of recharging
 B - a scroll of amnesia {unknown}
Potions
 d - a potion of resistance
 h - a potion of invisibility
 j - a potion of magic
 n - a potion of lignification
 p - a potion of agility
 q - a potion of flight
 s - a potion of ambrosia
 v - a potion of might
 z - a potion of restore abilities
 C - a potion of haste
Books
 D - a book of Control

   Spells                             Type                      Level
   a - Control Teleport               Charms/Translocation         4
   b - Control Undead                 Necromancy                   4
   c - Enslavement                    Hexes                        4
   d - Metabolic Englaciation         Hexes/Ice                    5
   e - Mass Confusion                 Hexes                        6
Miscellaneous
 t - a plain deck of war
Comestibles
 a - 2 bread rations
 i - 4 meat rations
 k - a beef jerky
 E - a chunk of flesh
 F - 3 fruits


   Skills:
 * Level 4.9 Fighting
 * Level 3.3 Armour
 * Level 3.6 Shields
 + Level 7.3 Unarmed Combat


You had 7 spell levels left.
You didn't know any spells.

Dungeon Overview and Level Annotations

Branches:
Dungeon (6/15)
 Temple: D:4-7

Altars:
Nemelex Xobeh
Vehumet

Annotations:
D:6 Vlagh999's ghost, experienced BeGl


Innate Abilities, Weirdness & Mutations

You have very sharp fingernails.
You have very sharp teeth.
You are covered in thick fur (AC +2).
Your hind legs have claws.
You can berserk when greatly wounded.


Message History

You claw Vlagh999's ghost, but do no damage.
Vlagh999's ghost is lightly damaged.
Vlagh999's ghost barely misses you.
Your shield prevents you from hitting Vlagh999's ghost.
You claw Vlagh999's ghost, but do no damage.
Vlagh999's ghost is lightly damaged.
Vlagh999's ghost hits you.
You claw Vlagh999's ghost!
Vlagh999's ghost is moderately damaged.
Vlagh999's ghost hits you!
You scratch Vlagh999's ghost. You claw Vlagh999's ghost.
Vlagh999's ghost is heavily damaged.
Vlagh999's ghost hits you!
* * * LOW HITPOINT WARNING * * *
You are too injured to fight recklessly!
You are too injured to fight recklessly!
Use which ability? (? or * to list)
A red film seems to cover your vision as you go berserk!
You feel yourself moving faster!
You feel mighty! Vlagh999's ghost hits you!!
You die...

....$#.?...
##.............##
#...............#
#...............#
#...............#
####....?..........#
..$................#
#..(............#
#...@W........#
##...........#####
####.####.......#
#.# #.......# ..#
##.......#
..............##
.#######........##
##..........#
............#


You could see Vlagh999's ghost.

Vanquished Creatures
  An orc warrior (D:5)
  4 ogres (D:5)
  A giant frog (D:5)
  2 scorpions (D:5)
  A quasit (D:5)
  3 crimson imps (D:5)
  3 hounds (D:5)
  A giant frog zombie (D:5)
  A giant frog skeleton (D:5)
  A jelly (D:4)
  An orc priest (D:5)
  3 worker ants
  An orc wizard (D:4)
  A hound skeleton (D:5)
  Robin (D:3)
  6 adders
  A giant mite (D:5)
  2 worms
  2 oozes
  14 orcs
  2 giant cockroaches
  14 hobgoblins
  2 quokkas (D:3)
  5 ball pythons
  15 bats
  A giant gecko skeleton (D:4)
  5 giant newts
  9 goblins
  8 kobolds
  11 rats
  5 ballistomycetes (D:6)
127 creatures vanquished.

Vanquished Creatures (others)
  2 orcs (D:6)
  A giant spore (D:6)
  A quokka (D:6)
4 creatures vanquished.

Grand Total: 131 creatures vanquished

Notes
Turn   | Place    | Note
--------------------------------------------------------------
     0 | D:1      | Vlagh999, the Bearkin Fighter, began the quest for the Orb.
     0 | D:1      | Reached XP level 1. HP: 18/18 MP: 1/1
   227 | D:1      | Reached XP level 2. HP: 24/24 MP: 2/2
  1103 | D:2      | Reached XP level 3. HP: 16/29 MP: 3/3
  1403 | D:2      | Reached skill level 4 in Unarmed Combat
  1539 | D:3      | Found a sparkling altar of Nemelex Xobeh.
  1595 | D:3      | Noticed Robin
  1610 | D:3      | Killed Robin
  1610 | D:3      | Gained mutation: You have very sharp teeth. [bearkin transformation]
  1610 | D:3      | Reached XP level 4. HP: 19/35 MP: 4/4
  2087 | D:3      | Reached skill level 5 in Unarmed Combat
  2289 | D:4      | Reached XP level 5. HP: 30/41 MP: 5/5
  2680 | D:4      | Reached skill level 6 in Unarmed Combat
  2953 | D:4      | Found a radiant altar of Vehumet.
  3034 | D:5      | Entered Level 5 of the Dungeon
  3042 | D:5      | Noticed an ogre
  3056 | D:5      | Killed an ogre
  3056 | D:5      | Gained mutation: You are covered in thick fur (AC +2). [bearkin transformation]
  3056 | D:5      | Reached XP level 6. HP: 17/47 MP: 6/6
  3589 | D:5      | Noticed an ogre
  3595 | D:5      | Killed an ogre
  3595 | D:5      | Reached XP level 7. HP: 47/52 MP: 7/7
  3650 | D:5      | Reached skill level 7 in Unarmed Combat
  4052 | D:5      | Noticed an ogre
  4058 | D:5      | Killed an ogre
  4083 | D:5      | Gained mutation: You have very sharp fingernails. [bearkin transformation]
  4083 | D:5      | Reached XP level 8. HP: 46/61 MP: 8/8
  4406 | D:5      | Noticed an ogre
  4414 | D:5      | Killed an ogre
  5036 | D:6      | Noticed Vlagh999's ghost (experienced BeGl)
  5048 | D:6      | Slain by Vlagh999's ghost

Action                   |  1- 3 |  4- 6 |  7- 9 || total
-------------------------+-------+-------+-------++-------
Melee: Unarmed           |   147 |   165 |   139 ||   451
Throw: Tomahawk          |       |     2 |       ||     2
 Abil: Cornered Berserk  |       |     1 |     1 ||     2
  Use: Scroll            |     5 |     8 |     3 ||    16
       Potion            |     2 |     4 |     2 ||     8
  Eat: Chunk             |     2 |     7 |     6 ||    15
